[Event "*** Titled Tuesday Blitz"]
[Site "Chess.com"]
[Date "2020.04.21"]
[Round "4"]
[White "RestartingChess"]
[Black "IAgrest"]
[Result "1-0"]
[WhiteElo "2534"]
[BlackElo "2281"]
[TimeControl "180+1"]
[EndTime "10:37:47 PDT"]
[Termination "RestartingChess won by resignation"]

1. e4 e5 2. Nf3 Nc6 3. Bc4 Nf6 4. Ng5 d5 5. exd5 Na5 6. Bb5+ Bd7 7. Bxd7+ Qxd7 8. O-O Nxd5 9. Re1 f6 10. Nf3 O-O-O 11. d3 Nc6 12. Nc3 g5 13. Nxd5 Qxd5 14. Qe2 Kb8 15. a3 h5 16. Qe4 Qd7 17. b4 g4 18. Nh4 Nd4 19. Ra2 Bd6 20. c3 f5 21.
Qd5 e4 22. Qxd4 exd3 23. Bg5 Rde8 24. Raa1 Rhg8 25. Be3 Re4 26. Qxa7+ 1-0

[Event "*** Titled Tuesday Blitz"]
[Site "Chess.com"]
[Date "2020.04.21"]
[Round "4"]
[White "VALPARAISO37"]
[Black "Ginger_GM"]
[Result "0-1"]
[WhiteElo "2350"]
[BlackElo "2583"]
[TimeControl "180+1"]
[EndTime "10:37:50 PDT"]
[Termination "Ginger_GM won by checkmate"]

1. d4 Nf6 2. c4 e5 3. dxe5 Ne4 4. Nd2 Nc5 5. b4 Ne6 6. a3 a5 7. b5 d6 8. Bb2 dxe5 9. Bxe5 Nd7 10. Bb2 Bc5 11.
Ngf3 a4 12. e3 b6 13. Bd3 Bb7 14. Qc2 Qe7 15. Be4 Bxe4 16. Qxe4 O-O 17. h4 f5 18. Qc2 f4 19. Ng5 g6 20. Nde4 fxe3 21. Qc3 Bd4 22. Qc2 exf2+ 23. Kf1 Ndc5 24. Nxc5 Bxc5 25.
Qe4 Nxg5 26. Qxe7 Bxe7 27. hxg5 Bxg5 28. Rd1 Rae8 29. Rh3 Bd2 30. Rf3 Re1+ 31. Kxf2 Rxf3+ 32. gxf3 Rxd1 33. Be5 Rc1 34. Bxc7 Ba5 35. c5 Rxc5 36. Bd6 Rxb5 37. Ke3 Kf7 38. Ke4 Ke6 39. Bf8 Rb3 40. f4 h5 41. f5+ gxf5+ 42. Kf4 Bd2# 0-1

[Event "*** Titled Tuesday Blitz"]
[Site "Chess.com"]
[Date "2020.04.21"]
[Round "4"]
[White "Nathan_Filgueiras"]
[Black "GianmarcoVaR"]
[Result "0-1"]
[WhiteElo "2334"]
[BlackElo "2557"]
[TimeControl "180+1"]
[EndTime "10:37:52 PDT"]
[Termination "GianmarcoVaR won by resignation"]

1. e4 c5 2. Nf3 d6 3. d4 cxd4 4. Nxd4 Nf6 5. Nc3 a6 6. h3 e5 7. Nde2 Be7 8. g4 b5 9. Bg2 Bb7 10. Ng3 b4 11. Nd5 Nxd5 12. exd5 O-O 13. O-O Nd7 14. f4 exf4 15. Bxf4 Bg5 16. Qd2 Bxf4 17. Qxf4 Ne5 18. Kh2 Rc8 19. Be4 Rc4 20. Rad1 Qc7 21. Qf5 Ng6 22. h4 Bc8 23. Qh5 Re8 24. Rde1 Rcxe4 25.
Nxe4 Rxe4 26. Rc1 Rxg4 0-1

[Event "*** Titled Tuesday Blitz"]
[Site "Chess.com"]
[Date "2020.04.21"]
[Round "4"]
[White "GamayevOleg"]
[Black "AsaHoffmann"]
[Result "0-1"]
[WhiteElo "2530"]
[BlackElo "2342"]
[TimeControl "180+1"]
[EndTime "10:37:53 PDT"]
[Termination "AsaHoffmann won by resignation"]

1. d3 d6 2. e4 c6 3. Nf3 g6 4. Be2 Bg7 5. O-O Nd7 6. c3 Ngf6 7. a4 a5 8. h3 O-O 9. Nbd2 Qc7 10. d4 e5 11.
dxe5 dxe5 12. Qc2 Nc5 13. Re1 Re8 14. b3 b6 15. Bc4 Be6 16. Ba3 Bf8 17. Bxc5 Bxc5 18.
Bxe6 Rxe6 19. Nc4 Kg7 20. Rad1 h6 21. Ncd2 Rd8 22. Nf1 Red6 23. Rxd6 Qxd6 24. Ng3 Qd3 25. Qxd3 Rxd3 26. Rc1 Nd7 27. Kf1 b5 28. Ke2 Rd6 29.
axb5 cxb5 30. Rd1 Rxd1 31. Kxd1 Bxf2 32. Ne2 Bc5 33. Nc1 Kf6 34. Kc2 Ke6 35. Nd3 Bd6 36. g4 f5 37. gxf5+ gxf5 38. Nd2 f4 39. Nf3 Nf6 40. Nd2 Bc7 41. Ne1 Bb6 42. Nef3 Be3 43.
Nf1 Nxe4 44. Nxe3 fxe3 45. Kd3 Nc5+ 46. Kxe3 Nxb3 47. Kd3 a4 48. Kc2 Nc5 49. Nh2 h5 50. Nf1 Kf5 51. Ng3+ Kg5 52. Nf1 Kf4 53. Kd2 h4 54. Ne3 Ne4+ 55. Kd3 Nxc3 56. Ng2+ Kg3 57. Nxh4 Kxh4 58. Kxc3 Kxh3 0-1

[Event "*** Titled Tuesday Blitz"]
[Site "Chess.com"]
[Date "2020.04.21"]
[Round "4"]
[White "1g41-0"]
[Black "x-5963514717"]
[Result "0-1"]
[WhiteElo "2444"]
[BlackElo "2646"]
[TimeControl "180+1"]
[EndTime "10:37:55 PDT"]
[Termination "x-5963514717 won by resignation"]

1. d4 Nf6 2. c4 g6 3. Nc3 d5 4.
cxd5 Nxd5 5. e4 Nxc3 6. bxc3 Bg7 7. Nf3 c5 8. Rb1 O-O 9. Be2 b6 10. Be3 Bb7 11. Bd3 Nc6 12. d5 Bxc3+ 13. Bd2 Bxd2+ 14. Qxd2 Nb4 15. h4 e6 16. Rxb4 cxb4 17. Qh6 Qf6 18. h5 Qg7 19. Qg5 Qa1+ 20. Ke2 Qxh1 21. g4 f6 22. Qh6 exd5 23. e5 Rae8 24. Bxg6 Re7 0-1

[Event "*** Titled Tuesday Blitz"]
[Site "Chess.com"]
[Date "2020.04.21"]
[Round "4"]
[White "TERMINATOR_PC"]
[Black "LifeIsAllAboutChess23"]
[Result "1-0"]
[WhiteElo "2391"]
[BlackElo "2017"]
[TimeControl "180+1"]
[EndTime "10:37:55 PDT"]
[Termination "TERMINATOR_PC won by checkmate"]

1. e4 b6 2. d4 Bb7 3. Bd3 e6 4. Qe2 Nf6 5. Nf3 Be7 6. O-O d6 7. Re1 Nbd7 8. e5 dxe5 9. dxe5 Nd5 10. a3 c5 11. c4 Nc7 12. Be4 Qc8 13. Nc3 a6 14.
Bg5 Bxg5 15. Nxg5 h6 16. Bxb7 Qxb7 17. Nge4 O-O 18. Rad1 Rad8 19. Nd6 Qc6 20. f4 Ne8 21.
Nde4 Qc8 22. Qd3 Nc7 23. Nd6 Qb8 24. Qg3 Ne8 25. Nce4 Nxd6 26. Rxd6 Kh7 27. Red1 Rfe8 28. Qd3 Qa8 29. Nf6+ Kh8 30. Qh7# 1-0

[Event "*** Titled Tuesday Blitz"]
[Site "Chess.com"]
[Date "2020.04.21"]
[Round "4"]
[White "InitiatingASC"]
[Black "Aikiigm"]
[Result "1-0"]
[WhiteElo "2453"]
[BlackElo "2584"]
[TimeControl "180+1"]
[EndTime "10:37:56 PDT"]
[Termination "InitiatingASC won by resignation"]

1. d4 Nf6 2. c4 e5 3. e3 exd4 4. exd4 d5 5. Nf3 Bd6 6. Be2 dxc4 7. Bxc4 Bg4 8. O-O O-O 9. Bg5 h6 10. Bh4 Nbd7 11. Nc3 c6 12. Qd3 Qb6 13. Bb3 Bxf3 14. gxf3 Rad8 15. Rad1 Qc7 16. Bg3 Nb6 17. Ne4 Ne8 18.
Bc2 f5 19. Nxd6 Nxd6 20. Be5 Nd5 21. Kh1 Rf7 22. Rg1 Qd7 23. Rg6 Ne7 24. Rxd6 Qxd6 25.
Bxd6 Rxd6 26. Bb3 Nd5 27. Re1 Kf8 28. Re5 g6 29. Bxd5 cxd5 30. Qe3 f4 31. Re8+ Kg7 32. Qe5+ Rdf6 33. Qxd5 g5 34. Qe5 Kh7 35. Re7 Kg6 36. Rxf7 Rxf7 37. d5 Rf5 38. Qe8+ Kf6 39. d6 Rd5 1-0

[Event "*** Titled Tuesday Blitz"]
[Site "Chess.com"]
[Date "2020.04.21"]
[Round "4"]
[White "AlhosaniOmran1"]
[Black "Vincent_Vega95"]
[Result "0-1"]
[WhiteElo "2365"]
[BlackElo "2706"]
[TimeControl "180+1"]
[EndTime "10:37:56 PDT"]
[Termination "Vincent_Vega95 won by checkmate"]

1. e4 c5 2. Nf3 d6 3. d4 cxd4 4. Nxd4 Nf6 5. Nc3 a6 6. Bg5 e6 7. f4 Qc7 8. Qf3 b5 9. O-O-O b4 10. Na4 Nbd7 11. Bd3 Bb7 12. Bxf6 Nxf6 13. Qe2 Be7 14.
g4 Nd7 15. g5 Qa5 16. b3 Nc5 17. Nxc5 dxc5 18. Nxe6 fxe6 19. Bc4 Qxa2 20. Bxe6 Qa1+ 21. Kd2 Qc3+ 22. Kc1 Qa1+ 23. Kd2 Rd8+ 24. Ke3 Qc3+ 25. Kf2 Rd4 26. Rxd4 Qxd4+ 27. Kf3 Qc3+ 28. Kg4 h5+ 29. Kf5 Rf8+ 30. Kg6 Rxf4 31. Bf5 Bxg5 32. Kxg5 Rg4+ 33. Kxh5 Qh3# 0-1

[Event "*** Titled Tuesday Blitz"]
[Site "Chess.com"]
[Date "2020.04.21"]
[Round "4"]
[White "fridaywins"]
[Black "kenta1234"]
[Result "0-1"]
[WhiteElo "2293"]
[BlackElo "2603"]
[TimeControl "180+1"]
[EndTime "10:37:58 PDT"]
[Termination "kenta1234 won by resignation"]

1. e4 c5 2. Nf3 Nc6 3. Bb5 g6 4.
Bxc6 dxc6 5. Nc3 Bg7 6. d3 e5 7. h3 h6 8. Be3 b6 9. Qd2 Ne7 10.
O-O-O Be6 11. Kb1 Qd7 12. Qe2 O-O-O 13. g4 Kb8 14. Nh4 Ka8 15. Ng2 f5 16. exf5 gxf5 17.
gxf5 Nxf5 18. Ne4 Rhf8 19. Qh5 Bf7 20. Qg4 Be6 21. Qh5 Bf7 22. Qg4 h5 23. Qe2 Nd4 24. Bxd4 exd4 25. f4 Rde8 26. Nh4 Qe7 27. Nf5 Bxa2+ 28. Ka1 Rxf5 29. Kxa2 Rxf4 30. Qxh5 Qe6+ 31.
b3 c4 32. Rhg1 cxb3+ 33. cxb3 Rf5 34. Qg6 Ra5+ 35. Kb2 Qe7 36. Qxc6+ Kb8 37. b4 Qxb4+ 0-1

[Event "*** Titled Tuesday Blitz"]
[Site "Chess.com"]
[Date "2020.04.21"]
[Round "4"]
[White "albano87"]
[Black "Slovak_fighter2000"]
[Result "1-0"]
[WhiteElo "2381"]
[BlackElo "2540"]
[TimeControl "180+1"]
[EndTime "10:37:58 PDT"]
[Termination "albano87 won by resignation"]

1. d4 Nf6 2. Nf3 d5 3. g3 c6 4. Bg2 Bf5 5. O-O e6 6. c4 Be7 7.
Nc3 O-O 8. Nd2 Nbd7 9. e4 dxe4 10. Ndxe4 Nxe4 11. Nxe4 Bxe4 12. Bxe4 Nf6 13. Bg2 Qb6 14. Be3 Qa6 15. b3 Rfd8 16. Qc2 Qa5 17. Rfd1 Qh5 18. h3 Qg6 19. Qxg6 hxg6 20. Kf1 a5 21. Ke2 a4 22. Kd3 axb3 23. axb3 Bb4 24. Kc2 Kf8 25. Bd2 Rxa1 26. Bxb4+ Ke8 27. Rxa1 Rxd4 28. Ra8+ Kd7 29. Bc3 Rd6 30. c5 1-0

[Event "*** Titled Tuesday Blitz"]
[Site "Chess.com"]
[Date "2020.04.21"]
[Round "4"]
[White "olomi007"]
[Black "NiranjanNavalgund"]
[Result "1-0"]
[WhiteElo "2661"]
[BlackElo "2487"]
[TimeControl "180+1"]
[EndTime "10:38:00 PDT"]
[Termination "olomi007 won by resignation"]

1. e4 e5 2. f4 d5 3. exd5 exf4 4. Nf3 Nf6 5. Bc4 Nxd5 6. O-O Be7 7. Bxd5 Qxd5 8.
Nc3 Qh5 9. d4 O-O 10. Bxf4 c6 11. Qe1 Be6 12. Qg3 Qg6 13. Qf2 Nd7 14. Rae1 Bc4 15. Rxe7 Bxf1 16. Rxd7 Ba6 17. Bd6 Rfd8 18. Rxd8+ Rxd8 19. Be5 f6 20. Bg3 Qg4 21. h3 Qe6 22. Kh2 b5 23. a3 Bc8 24. d5 cxd5 25. Nxb5 Qe4 26. Qxa7 Qxc2 27. Qe7 Rf8 28. Bd6 1-0

[Event "*** Titled Tuesday Blitz"]
[Site "Chess.com"]
[Date "2020.04.21"]
[Round "4"]
[White "tonyq11"]
[Black "Piotrek1979"]
[Result "0-1"]
[WhiteElo "2244"]
[BlackElo "2443"]
[TimeControl "180+1"]
[EndTime "10:38:04 PDT"]
[Termination "Piotrek1979 won by resignation"]

1. d4 Nf6 2. c4 d6 3. Nc3 Nbd7 4. Nf3 e5 5. b3 g6 6. Bb2 Bg7 7. e3 O-O 8. Be2 Re8 9. O-O e4 10. Nd2 Nf8 11. Qc2 Bf5 12. Rfd1 h5 13. Nd5 h4 14. h3 Ne6 15. Nf1 Ng5 16. Nxf6+ Bxf6 17. d5 Be5 18. Bg4 Bxg4 19. hxg4 Qd7 20. Bxe5 Rxe5 21. Nh2 h3 22. gxh3 Nxh3+ 23. Kg2 Ng5 24. Rh1 Kg7 25.
Qb2 Rh8 26. Rag1 f6 27. Kf1 Rh3 28. Ke2 Nf3 29. Nxf3 exf3+ 30. Kf1 Rxh1 31. Rxh1 Qxg4 32. Rg1 Qh3+ 33. Ke1 Qh2 34. Rf1 Rxe3+ 35. Kd1 Qg2 0-1

[Event "*** Titled Tuesday Blitz"]
[Site "Chess.com"]
[Date "2020.04.21"]
[Round "4"]
[White "masteryoungK"]
[Black "Efremov_Vlad"]
[Result "1-0"]
[WhiteElo "2396"]
[BlackElo "2139"]
[TimeControl "180+1"]
[EndTime "10:38:04 PDT"]
[Termination "masteryoungK won by resignation"]

1. Nf3 d5 2. g3 Nf6 3. Bg2 c6 4. O-O Bg4 5. d3 Nbd7 6. Nbd2 e5 7. e4 Bd6 8. Re1 O-O 9. c3 dxe4 10. dxe4 Nc5 11. Qc2 Qc7 12. h3 Bxf3 13. Nxf3 Rad8 14. Nh4 Rfe8 15. Be3 Bf8 16. Rad1 Rxd1 17. Rxd1 Rd8 18. Rb1 a5 19. b4 axb4 20. cxb4 Ne6 21. b5 Nd4 22. Qc4 Qa5 23. bxc6 Nxc6 24. Rxb7 Qe1+ 25. Kh2 Ne7 26. Nf3 Qa1 27. Ng5 h6 28. Nxf7 1-0

[Event "*** Titled Tuesday Blitz"]
[Site "Chess.com"]
[Date "2020.04.21"]
[Round "4"]
[White "bazar-wokzal"]
[Black "HanSchut"]
[Result "1-0"]
[WhiteElo "2527"]
[BlackElo "2260"]
[TimeControl "180+1"]
[EndTime "10:38:08 PDT"]
[Termination "bazar-wokzal won by resignation"]

1. e4 c5 2. c3 g6 3. d4 cxd4 4.
cxd4 d5 5. e5 Nc6 6. Nc3 Nh6 7.
Bf4 f6 8. Qd2 Nf7 9. Bb5 Bg7 10.
Nf3 O-O 11. O-O Nxd4 12. Qxd4 fxe5 13. Nxe5 e6 14. Rae1 Qh4 15. g3 Nxe5 16. Rxe5 Bxe5 17. Qxe5 Qf6 18. Re1 a6 19. Ba4 b5 20. Bb3 b4 21.
Nxd5 1-0

[Event "*** Titled Tuesday Blitz"]
[Site "Chess.com"]
[Date "2020.04.21"]
[Round "4"]
[White "LogoCzar"]
[Black "Rinas_Oleg"]
[Result "1-0"]
[WhiteElo "2451"]
[BlackElo "2247"]
[TimeControl "180+1"]
[EndTime "10:38:08 PDT"]
[Termination "LogoCzar won on time"]

1. e4 c5 2. Nf3 d6 3. d4 cxd4 4. Nxd4 Nf6 5. Nc3 a6 6. Bc4 e6 7. Bb3 Be7 8. g4 Nc6 9. g5 Nd7 10. Bxe6 Nxd4 11. Bxd7+ Bxd7 12. Qxd4 O-O 13. Rg1 Re8 14. Be3 Bc6 15. O-O-O Qa5 16. Kb1 b5 17. Nd5 Bf8 18. f4 Bxd5 19. Qxd5 Rac8 20. Rd2 Rc4 21.
Rd4 Rec8 22. Rxc4 Rxc4 23. Rd1 Qb4 24. Bd4 Rc8 25. f5 Qa4 26. b3 Qa3 27. g6 hxg6 28.
fxg6 Rc7 29. gxf7+ 1-0

[Event "*** Titled Tuesday Blitz"]
[Site "Chess.com"]
[Date "2020.04.21"]
[Round "4"]
[White "vugarrasulov"]
[Black "GMBenjaminBok"]
[Result "0-1"]
[WhiteElo "2720"]
[BlackElo "2882"]
[TimeControl "180+1"]
[EndTime "10:38:09 PDT"]
[Termination "GMBenjaminBok won by resignation"]

1. e4 c5 2. Nf3 d6 3. d4 cxd4 4. Nxd4 Nf6 5. Nc3 a6 6. Be3 e5 7. Nf3 Be7 8. Bc4 O-O 9. O-O Nc6 10. Bg5 Be6 11. Bb3 Nd7 12. Bxe7 Qxe7 13. Nd5 Qd8 14. Qe2 Nc5 15. Rfd1 Rc8 16. c3 Nxb3 17. axb3 Ne7 18.
c4 Nxd5 19. exd5 Bd7 20. b4 Qb6 21. c5 Qxb4 22. cxd6 f6 23. Nd2 Rc2 24. Qe3 Qxd6 25. Ne4 Qb4 26. Rac1 Rfc8 27. Rxc2 Rxc2 28. h3 Rc4 29. f3 Qxb2 30. Qa7 Rc2 31. Qb8+ Kf7 0-1

[Event "*** Titled Tuesday Blitz"]
[Site "Chess.com"]
[Date "2020.04.21"]
[Round "4"]
[White "PauloCesarCosta_sad"]
[Black "Angel_Hranitel_37"]
[Result "1/2-1/2"]
[WhiteElo "2068"]
[BlackElo "2384"]
[TimeControl "180+1"]
[EndTime "10:38:09 PDT"]
[Termination "Game drawn by agreement"]

1. Nf3 Nf6 2. c4 g6 3. Nc3 Bg7 4. g3 O-O 5. Bg2 d6 6. d4 Nc6 7. O-O Bf5 8. d5 Na5 9. Nd2 c5 10. e4 Bd7 11. Qe2 e6 12. Nf3 exd5 13. cxd5 a6 14. Bf4 Bg4 15. h3 Bxf3 16. Bxf3 b5 17. e5 Re8 18. e6 Ra7 19. Rfe1 Rae7 20. exf7+ Kxf7 21. Qf1 Nc4 22. Rxe7+ Qxe7 23. a4 1/2-1/2

[Event "*** Titled Tuesday Blitz"]
[Site "Chess.com"]
[Date "2020.04.21"]
[Round "4"]
[White "FearNoEvil12"]
[Black "erlesfar"]
[Result "0-1"]
[WhiteElo "2005"]
[BlackElo "2250"]
[TimeControl "180+1"]
[EndTime "10:38:10 PDT"]
[Termination "erlesfar won by resignation"]

1. e4 d6 2. Nc3 Nf6 3. f4 g6 4. Nf3 Bg7 5. Bc4 O-O 6. f5 c6 7. Bb3 d5 8. e5 Ne4 9. fxg6 hxg6 10. d4 Bg4 11. h3 Bxf3 12. Qxf3 e6 13. O-O c5 14. Nxe4 dxe4 15. Qxe4 Qxd4+ 16. Qxd4 cxd4 17. Bf4 Nc6 18. Rad1 Rfd8 19. Rfe1 a5 20. Ba4 Nb4 21. a3 Nc6 22. Re4 Rac8 23. Kf2 Rd5 24. Ke2 Rc5 25.
Kd3 b5 26. Bb3 a4 27. Ba2 Nxe5+ 28. Bxe5 Bxe5 29. Rd2 Kg7 30. Ree2 Bf4 31. Rd1 Be3 32. c3 e5 33. Rf1 f5 34. g4 e4+ 0-1

[Event "*** Titled Tuesday Blitz"]
[Site "Chess.com"]
[Date "2020.04.21"]
[Round "4"]
[White "harkerchess"]
[Black "aquaticpineapples"]
[Result "1-0"]
[WhiteElo "1960"]
[BlackElo "2217"]
[TimeControl "180+1"]
[EndTime "10:38:10 PDT"]
[Termination "harkerchess won by resignation"]

1. d4 e6 2. c4 d5 3. Nc3 Nf6 4. cxd5 exd5 5. Bg5 Be7 6. e3 O-O 7. Bd3 c6 8. Qc2 h6 9. Bh4 Na6 10. a3 c5 11. dxc5 Nxc5 12. Be2 Nce4 13. Bxf6 Nxf6 14.
Bd3 d4 15. exd4 Qxd4 16. Nge2 Qg4 17. O-O b6 18. Ne4 Bb7 19. f3 Qh4 20. N2g3 Rac8 21. Qe2 Rfd8 22. Nf5 Qh5 23. Nxe7+ Kh8 24. Nxf6 gxf6 25.
Nf5 Rg8 26. Ne7 Rce8 27. Rae1 Qg5 28. Qf2 Rg7 29. Nf5 Rxe1 30. Rxe1 Rg8 31. Nd6 Bc8 32. Nxf7+ Kg7 33. Nxg5 hxg5 34. Qd4 Be6 35. Rxe6 1-0

[Event "*** Titled Tuesday Blitz"]
[Site "Chess.com"]
[Date "2020.04.21"]
[Round "4"]
[White "Philosopherrr"]
[Black "Justinz"]
[Result "1-0"]
[WhiteElo "2478"]
[BlackElo "2292"]
[TimeControl "180+1"]
[EndTime "10:38:11 PDT"]
[Termination "Philosopherrr won by resignation"]

1. e4 c5 2. Nf3 d6 3. Bb5+ Nd7 4. Ba4 Nf6 5. O-O Nxe4 6. Re1 Nf6 7. d4 cxd4 8. Nxd4 e6 9. Nb5 Be7 10. Nxd6+ Bxd6 11.
Qxd6 Qe7 12. Bf4 a6 13. c4 Qxd6 14. Bxd6 b5 15. cxb5 Nb6 16. Bb3 axb5 17. Nc3 Bd7 18. Bc5 Na4 19. Bxa4 bxa4 20. b4 axb3 21. axb3 Rc8 22. b4 Bc6 23. f3 Nd7 24. Bd6 f6 25. Rxe6+ Kf7 26. Re7+ Kg6 27. b5 1-0

[Event "*** Titled Tuesday Blitz"]
[Site "Chess.com"]
[Date "2020.04.21"]
[Round "4"]
[White "AlanZhang"]
[Black "adiosabu"]
[Result "0-1"]
[WhiteElo "2173"]
[BlackElo "2420"]
[TimeControl "180+1"]
[EndTime "10:38:12 PDT"]
[Termination "adiosabu won by resignation"]

1. e4 c5 2. Nf3 Nc6 3. d4 cxd4 4.
Nxd4 e5 5. Nb5 a6 6. Nd6+ Bxd6 7. Qxd6 Qe7 8. Qxe7+ Ngxe7 9. Nc3 d5 10. exd5 Nb4 11.
Bd3 Bf5 12. Ne4 O-O-O 13. Bd2 Nxd3+ 14. cxd3 Rxd5 15. Bb4 Nc6 16. Nd6+ Kb8 17. Nxf5 Nxb4 18. O-O g6 19. Nh6 f5 20. Rfd1 Nxd3 21. Nf7 Re8 22.
Ng5 Re7 23. Rd2 Red7 24. Rad1 h6 25. Nf7 h5 26. Nxe5 Rxe5 0-1

[Event "*** Titled Tuesday Blitz"]
[Site "Chess.com"]
[Date "2020.04.21"]
[Round "4"]
[White "ljuks68"]
[Black "Triumphmate"]
[Result "1/2-1/2"]
[WhiteElo "2347"]
[BlackElo "2558"]
[TimeControl "180+1"]
[EndTime "10:38:16 PDT"]
[Termination "Game drawn by repetition"]

1. e4 d5 2. exd5 Nf6 3. d4 Bg4 4. f3 Bf5 5. g4 Bg6 6. c4 h6 7. Ne2 c6 8. Nf4 Bh7 9. Nc3 cxd5 10. Nfxd5 Nc6 11. Bd3 e6 12. Nxf6+ Qxf6 13. Bxh7 Rxh7 14. Be3 O-O-O 15. Ne4 Qe7 16. O-O f5 17. Ng3 g6 18. d5 Ne5 19. Bxa7 h5 20. Qd4 Nc6 21. Qb6 Nxa7 22. Qxa7 Qc5+ 23. Qxc5+ Bxc5+ 24. Kg2 hxg4 25. fxg4 exd5 26. gxf5 gxf5 27. Rxf5 Rdh8 28. Nf1 Rg7+ 29. Ng3 Rgh7 30. Nf1 Rg8+ 31. Ng3 Rgh8 1/2-1/2

[Event "*** Titled Tuesday Blitz"]
[Site "Chess.com"]
[Date "2020.04.21"]
[Round "4"]
[White "ARMQUEEN"]
[Black "11kevin"]
[Result "0-1"]
[WhiteElo "2331"]
[BlackElo "2550"]
[TimeControl "180+1"]
[EndTime "10:38:16 PDT"]
[Termination "11kevin won by resignation"]

1. e4 e5 2. Nf3 Nc6 3. d4 exd4 4. Nxd4 Nf6 5. Nxc6 bxc6 6. e5 Ne4 7. Qf3 Nc5 8. Bc4 Ne6 9. O-O g6 10. Nc3 Bg7 11. Ne4 Bxe5 12. Bh6 d5 13. Rfe1 Qh4 14. g3 Qxh6 15. Nf6+ Bxf6 16. Bxd5 cxd5 17. Qxd5 Rb8 18. Qc6+ Bd7 19. Qd5 Qg5 20. Qd3 Bc6 21. Rad1 O-O 22. Qc4 Rb6 23. b3 Bb7 24. a4 a5 25. h4 Qf5 26. Rd3 Qh3 0-1

[Event "*** Titled Tuesday Blitz"]
[Site "Chess.com"]
[Date "2020.04.21"]
[Round "4"]
[White "MoreChessJulia"]
[Black "otrov-11"]
[Result "0-1"]
[WhiteElo "1765"]
[BlackElo "2375"]
[TimeControl "180+1"]
[EndTime "10:38:18 PDT"]
[Termination "otrov-11 won by resignation"]

1. d4 Nf6 2. c4 g6 3. f3 Bg7 4. e4 d6 5. Nc3 O-O 6. Bg5 Nc6 7. Nge2 a6 8. Qd2 Rb8 9. Bh6 b5 10. Bxg7 Kxg7 11. g4 bxc4 12. Ng3 e5 13.
d5 Nd4 14. O-O-O c5 15. Qf2 Qa5 16. Bxc4 Bd7 17. Rdg1 Rb4 18. Bd3 Rfb8 19. Nd1 Qxa2 20. Rg2 Ba4 21. Kd2 Rxb2+ 22. Nxb2 Rxb2+ 23. Ke3 Rxf2 24. Rxf2 Qa3 25. Rb1 c4 0-1

[Event "*** Titled Tuesday Blitz"]
[Site "Chess.com"]
[Date "2020.04.21"]
[Round "4"]
[White "Kouzari"]
[Black "ItsCheckM8Mate"]
[Result "1-0"]
[WhiteElo "2602"]
[BlackElo "2245"]
[TimeControl "180+1"]
[EndTime "10:38:20 PDT"]
[Termination "Kouzari won by resignation"]

1. d4 Nf6 2. c4 e6 3. Nc3 Bb4 4.
Bg5 h6 5. Bh4 d6 6. Qa4+ Nc6 7.
d5 exd5 8. cxd5 Bxc3+ 9. bxc3 g5 10. dxc6 b5 11. Qxb5 gxh4 12. Nf3 Ne4 13. Qd3 Bf5 14.
Qd4 Rg8 15. e3 Qe7 16. g3 h3 17. Bd3 Rg4 18. Qh8+ Qf8 19. Qxf8+ Kxf8 20. Nd4 Rg8 21.
Nxf5 1-0

[Event "*** Titled Tuesday Blitz"]
[Site "Chess.com"]
[Date "2020.04.21"]
[Round "4"]
[White "Juanovic"]
[Black "Firehand33"]
[Result "0-1"]
[WhiteElo "2149"]
[BlackElo "2601"]
[TimeControl "180+1"]
[EndTime "10:38:20 PDT"]
[Termination "Firehand33 won by resignation"]

1. e4 d5 2. exd5 Qxd5 3. Nc3 Qd8 4. d4 Nf6 5. Nf3 g6 6. Be2 Bg7 7. O-O O-O 8. Bg5 Nc6 9. Qd2 Bf5 10. a3 Ne4 11.
Nxe4 Bxe4 12. c3 Qd7 13. Bh6 Rad8 14. Bxg7 Kxg7 15. Qe3 Bd5 16. Bb5 Bxf3 17. Qxf3 Nxd4 18. cxd4 Qxb5 19. Qc3 Rd7 20. Rad1 Kg8 21. Rd3 Rfd8 22. Rfd1 c5 23. a4 Qb4 24. Qxb4 cxb4 25. f4 Rd5 26.
Kf2 f6 27. Ke3 Kf7 28. g3 R8d6 29. R1d2 Ke8 30. h4 Kd7 31. Ke4 Ra5 32. b3 Re6+ 33.
Kf3 Re1 34. d5 Rc5 35. d6 e6 36. Rd4 a5 37. R4d3 Rec1 38. Ke4 R1c3 39. g4 Rxd3 40. Rxd3 Rc3 41. Rxc3 bxc3 42. Kd3 Kxd6 43. Kxc3 Kc5 0-1

[Event "*** Titled Tuesday Blitz"]
[Site "Chess.com"]
[Date "2020.04.21"]
[Round "4"]
[White "Shota_Azaladze"]
[Black "Donseng"]
[Result "1-0"]
[WhiteElo "2751"]
[BlackElo "2524"]
[TimeControl "180+1"]
[EndTime "10:38:22 PDT"]
[Termination "Shota_Azaladze won by resignation"]

1. Nf3 d5 2. g3 c6 3. Bg2 Bg4 4. O-O Nd7 5. d3 e5 6. Nbd2 Ngf6 7. e4 dxe4 8. dxe4 Bc5 9. h3 Bxf3 10. Qxf3 O-O 11.
Qe2 a5 12. a4 Qe7 13. Nc4 Rfd8 14. h4 Nf8 15. Bd2 Ne6 16. Bxa5 Nd4 17. Qd3 b5 18.
Bxd8 Rxd8 19. axb5 cxb5 20. Na5 Ng4 21. Rad1 Bb6 22.
c3 Nxf2 23. Rxf2 Ne6 24. Nc6 Bxf2+ 25. Kh1 Rxd3 26. Nxe7+ Kf8 27. Rxd3 Kxe7 28. b4 g6 29. Bh3 Nc7 30. Rd7+ 1-0

[Event "*** Titled Tuesday Blitz"]
[Site "Chess.com"]
[Date "2020.04.21"]
[Round "4"]
[White "Ekka83"]
[Black "dpruess"]
[Result "0-1"]
[WhiteElo "2243"]
[BlackElo "2459"]
[TimeControl "180+1"]
[EndTime "10:38:23 PDT"]
[Termination "dpruess won by resignation"]

1. e4 c5 2. Nf3 d6 3. d4 cxd4 4.
Qxd4 Nc6 5. Bb5 Qa5+ 6. Nc3 Qxb5 7. Nxb5 Nxd4 8. Nfxd4 Kd8 9. Be3 Bd7 10. c4 a6 11. Nc3 Rc8 12. Nb3 Rxc4 13. Na5 Rc8 14. Nxb7+ Ke8 15. Na5 Nf6 16. O-O e6 17. Rfd1 Be7 18. Nb7 Rc6 19. f4 Ng4 20. Ba7 Rc7 21.
Nxd6+ Bxd6 22. Bb8 Bc5+ 23. Kh1 Nf2+ 0-1

[Event "*** Titled Tuesday Blitz"]
[Site "Chess.com"]
[Date "2020.04.21"]
[Round "4"]
[White "Zaven_ChessMood"]
[Black "Bulldog167"]
[Result "0-1"]
[WhiteElo "2961"]
[BlackElo "2783"]
[TimeControl "180+1"]
[EndTime "10:38:25 PDT"]
[Termination "Bulldog167 won by resignation"]

1. e4 e5 2. Nf3 Nc6 3. Bc4 Bc5 4. d3 Nf6 5. Nbd2 d6 6. O-O a6 7. c3 Ba7 8. Bb3 O-O 9. h3 h6 10. Re1 Nh5 11. Nf1 Qf6 12. Ne3 Nf4 13. Ng4 Qg6 14.
Bxf4 exf4 15. d4 Bxg4 16. hxg4 Qxg4 17. Qd3 Kh8 18. a4 Rae8 19. a5 Ne7 20. Bc2 Ng6 21. e5 Bb8 22. e6 f5 23. Re2 Re7 24. Rae1 Rf6 25. b4 Nh4 26. Nxh4 Qxh4 27. Qf3 c6 28. c4 Ba7 29. c5 d5 30. g3 fxg3 31. fxg3 Qxd4+ 32.
Kg2 Qxb4 33. Re5 Qxc5 34. Bb1 g6 35. Qf4 Kg7 36. R5e2 Qd4 37. Qd6 Bc5 38. Qd8 Rf8 39. Qd7 Rxd7 40. exd7 Rd8 41. Re8 Rxd7 0-1

[Event "*** Titled Tuesday Blitz"]
[Site "Chess.com"]
[Date "2020.04.21"]
[Round "4"]
[White "Mfcyryd"]
[Black "semchik73"]
[Result "1/2-1/2"]
[WhiteElo "2530"]
[BlackElo "2286"]
[TimeControl "180+1"]
[EndTime "10:38:26 PDT"]
[Termination "Game drawn - insufficient material"]

1. e4 Nf6 2. e5 Nd5 3. d4 d6 4. exd6 cxd6 5. c4 Nb6 6. Be3 g6 7.
Nc3 Bg7 8. Rc1 O-O 9. b3 e5 10. dxe5 dxe5 11. Qxd8 Rxd8 12. c5 N6d7 13. Bc4 Nc6 14. Nf3 Nd4 15. b4 Nxf3+ 16. gxf3 Nf6 17. Ke2 Bf5 18. Rhd1 e4 19. fxe4 Nxe4 20. Nd5 Be6 21. Bd4 Bxd5 22. Bxg7 Bxc4+ 23. Rxc4 Rxd1 24. Kxd1 Nxf2+ 25. Ke2 Kxg7 26. Kxf2 Rd8 27. a4 Rd2+ 28. Kg3 a6 29. b5 axb5 30. axb5 Rb2 31. c6 bxc6 32. bxc6 Rb8 33. Kf4 Kf6 34. h4 Rc8 35. c7 Ke7 36. Kg5 Kd7 37. Kf6 Rxc7 38. Rxc7+ Kxc7 39.
Kxf7 Kd6 40. Kg7 Ke6 41. Kxh7 Kf5 42. Kh6 Kg4 43. Kxg6 Kxh4 1/2-1/2